Map: Para Site LE

Players

Ascendancy - Winner!

  • Race: Terran Terran
  • League: Platinum
  • Spawn Location: 11:00

Mesrob

  • Race: Terran Terran
  • League: Gold
  • Spawn Location: 5:00

VOD

Have the link to the VOD?

Description

Time

  • Played on: Jan. 18, 2019, 4:09 p.m.
  • Length: 11:52
Show
View Real Time Build Order
Export as new Build Order

Ascendancy Terran - Winner!

Build Orders:  

Get SALT Encoding   

  12  0:02  SCV  
  13  0:14  SCV  
  13  0:20  Supply Depot  
  14  0:28  Refinery  
  14  0:30  SCV  
  15  0:42  SCV  
  16  0:47  Barracks  
  16  0:54  SCV  
  17  1:08  SCV  
  18  1:20  SCV  
  19  1:32  SCV  
  20  1:34  Marine  
  20  1:35  Supply Depot  
  20  1:39  Factory  
  21  1:44  SCV  
  22  1:52  Marine  
  23  1:56  SCV  
  23  2:00  Supply Depot  
  24  2:10  Marine  
  25  2:30  Starport  
  25  2:32  SCV  
  25  2:35  Refinery  
  25  2:36  Supply Depot  
  26  2:44  SCV  
  26  2:46  Marine  
  29  2:59  Supply Depot  
  29  3:04  Marine  
  29  3:07  Orbital Command  
  29  3:14  Starport Tech Lab  
  29  3:16  Fusion Core  
  29  3:21  Supply Depot  
  29  3:37  Weapon Refit  
  29  3:42  Hellion  
  29  3:45  Barracks  
  31  4:03  Hellion  
  31  4:07  Battlecruiser  
  39  4:35  Marine x2  
  41  4:45  Barracks  
  41  4:53  Marine x2  
  43  5:09  Command Center  
  43  5:11  Marine x2  
  45  5:29  Marine x2  
  47  5:46  Marine  
  47  5:47  Marine  
  49  6:22  Barracks Tech Lab x2  
  49  6:28  Barracks Reactor  
  49  6:56  SCV  
  50  7:08  SCV  
  51  7:20  SCV  
  52  7:23  SCV  
  53  7:32  Factory Tech Lab, SCV  
  53  7:34  Marine x2  
  53  7:35  Marine x2, SCV  
  59  7:38  Combat Shield  
  59  7:44  SCV  
  59  7:47  SCV  
  61  7:51  Siege Tank  
  61  7:52  Marine x3  
  61  7:53  Marine  
  61  7:56  SCV  
  69  7:58  Stimpack  
  69  7:59  SCV  
  70  8:08  Engineering Bay, SCV  
  70  8:10  Marine x4  
  70  8:11  SCV  
  76  8:17  Refinery  
  76  8:20  Refinery  
  76  8:28  Marine x2  
  76  8:29  Marine  
  76  8:30  Marauder, Supply Depot, Siege Tank  
  84  8:36  Orbital Command  
  84  8:45  Marine  
  84  8:46  Marine  
  86  8:52  Marine, Marauder  
  86  8:53  Supply Depot, Terran Infantry Weapons Level 1  
  89  8:57  Engineering Bay  
  89  9:02  Cyclone  
  92  9:03  Marine  
  92  9:04  Marine  
  94  9:15  Marine x2  
  96  9:17  Supply Depot  
  96  9:19  Command Center  
  96  9:21  Marine  
  96  9:22  Marine  
  98  9:33  Marine x2  
  100  9:38  Cyclone  
  100  9:39  Marine, Supply Depot  
  100  9:40  Marine  
  105  9:50  Marine  
  105  9:51  Marauder  
  106  10:10  Siege Tank  
  106  10:12  Starport, Medivac  
  106  10:13  Marine x3  
  116  10:14  Marauder  
  116  10:19  SCV x2  
  118  10:31  Marine x2, SCV  
  118  10:32  Marauder  
  118  10:35  Marine  
  124  10:42  Medivac  
  126  11:11  Medivac  
Show
View Real Time Build Order
Export as new Build Order

Mesrob Terran 

Build Orders: Mech 

Get SALT Encoding   

  12  0:01  SCV  
  13  0:13  SCV  
  14  0:17  Supply Depot  
  14  0:25  SCV  
  15  0:38  SCV  
  15  0:40  Barracks  
  16  0:48  Refinery  
  16  0:50  SCV  
  17  1:02  SCV  
  18  1:15  SCV  
  19  1:27  Orbital Command  
  19  1:37  Command Center  
  19  1:44  Marine  
  20  2:01  Bunker  
  20  2:07  SCV  
  21  2:11  Factory  
  21  2:16  Engineering Bay  
  20  2:36  Barracks Tech Lab, Supply Depot  
  20  2:43  SCV  
  21  2:54  Orbital Command  
  21  2:55  SCV  
  22  2:58  Engineering Bay  
  22  3:06  Siege Tank  
  22  3:07  Refinery, SCV  
  26  3:21  SCV  
  26  3:22  SCV  
  26  3:26  Supply Depot  
  28  3:33  SCV  
  29  3:34  SCV  
  29  3:36  Missile Turret  
  30  3:42  Marine  
  30  3:45  SCV  
  30  3:46  SCV  
  30  3:48  Supply Depot  
  33  3:50  Siege Tank  
  36  3:58  SCV  
  36  3:59  Marine  
  38  4:11  Missile Turret  
  38  4:13  Missile Turret  
  38  4:15  SCV  
  38  4:16  SCV  
  40  4:27  SCV  
  40  4:28  Armory  
  40  4:29  SCV  
  40  4:30  Siege Tank  
  45  4:31  Missile Turret  
  45  4:37  Marine  
  46  4:54  Missile Turret  
  46  4:56  Command Center  
  46  5:05  SCV x2  
  48  5:10  Refinery  
  48  5:12  Refinery  
  48  5:14  Sensor Tower  
  48  5:17  SCV  
  48  5:21  Supply Depot  
  48  5:30  Marine  
  49  5:35  Missile Turret  
  47  5:44  Thor  
  47  5:48  Marine  
  48  6:06  Marine  
  42  6:24  SCV  
  39  6:35  Factory Tech Lab  
  39  6:36  SCV  
  40  6:44  Marine  
  34  6:48  SCV  
  34  6:50  Missile Turret  
  34  7:00  SCV x2  
  36  7:01  Missile Turret  
  36  7:02  Marine  
  37  7:12  SCV x2  
  37  7:13  Missile Turret  
  39  7:19  Marine  
  40  7:25  SCV  
  40  7:28  Factory  
  41  7:31  Factory  
  41  7:32  Factory  
  41  7:41  Factory  
  41  7:50  SCV  
  42  8:00  Terran Vehicle Weapons Level 1  
  42  8:02  SCV  
  43  8:07  Marine  
  44  8:14  Factory  
  44  8:15  SCV  
  44  8:16  Factory  
  44  8:17  Factory Reactor  
  44  8:18  Factory Tech Lab, Factory Reactor  
  45  8:27  SCV  
  46  8:39  SCV  
  47  8:55  SCV x2  
  49  8:58  Thor  
  49  9:00  Factory Tech Lab x2  
  55  9:04  Factory Tech Lab  
  55  9:05  Missile Turret  
  55  9:07  Hellion, SCV x2  
  59  9:10  Hellion  
  59  9:15  Hellion  
  63  9:19  SCV x2  
  65  9:25  Missile Turret  
  65  9:30  Sensor Tower  
  64  9:51  Thor  
  66  10:00  Thor  
  66  10:04  Supply Depot  
  70  10:11  Thor  
  70  10:13  Hellbat x2  
  70  10:14  Hellbat x2  
  84  10:27  Supply Depot  
  84  10:37  Thor  
  93  11:16  Hellbat  
  101  11:21  Hellbat  
  101  11:22  Hellbat  
  101  11:25  Hellbat  
Tags
 
Composition
Mech
Matchup
TvT
Race
Terran
Replay Pack
sc2 replays
Spawn Locations
Cross Positions
Add a new tag
Caveats
  • Supply blocks, unpowered buildings, or Contaminate may cause inaccurate times.
  • Supply counts are checked every 10 seconds.